 Dungeon Crawl Stone Soup version 0.22-a0-192-g6ffc940 (webtiles) character file.

12 4thArraOfDagon the Sneak (level 2, -5/22 HPs)
             Began as a Felid Wanderer on Feb 16, 2018.
             Slain by a two-headed ogre
             ... wielding a +0 giant club
              (15 damage)
             ... on level 8 of the Dungeon.
             The game lasted 00:02:53 (594 turns).

4thArraOfDagon the Sneak (Felid Wanderer)            Turns: 594, Time: 00:02:53

Health: -5/22      AC: 21    Str:  9    XL:     2   Next: 20%
Magic:  3/3        EV:  4    Int: 12    God:
Gold:   43         SH:  0    Dex: 15    Spells: 1/1 levels left
                                        Lives:  0   Deaths: 0

rFire    . . .     SeeInvis +     - Unarmed
rCold    . . .     Gourm    .   (shield unavailable)
rNeg     + + +     Faith    .   (armour unavailable)
rPois    +         Spirit   .   (helmet unavailable)
rElec    .         Reflect  .   (cloak unavailable)
rCorr    .         Harm     .   (gloves unavailable)
MR       .....     NoTele   +   (boots unavailable)
Stlth    +++.......             (no amulet)
HPRegen  0.07/turn              (no ring)
MPRegen  0.08/turn              (no ring)

@: tree-form, hasted, very quick
A: very small, no armour, no weapons or thrown items, stealth, see invisible,
carnivore, slow metabolism 1
a: no special abilities


You were on level 8 of the Dungeon.
You were very full.
You were a tree.
You visited 1 branch of the dungeon, and saw 7 of its levels.

You collected 68 gold pieces.
You spent 25 gold pieces at shops.

Inventory:

Armour
 e - the +2 scale mail of the Valley of Death {rElec rF++, unknown}
   (You found it on level 4 of the Dungeon)

   It greatly protects you from fire.
   It insulates you from electricity.
Scrolls
 b - 2 scrolls of teleportation
Potions
 a - a potion of heal wounds
 c - a potion of curing
 f - a potion of haste
Comestibles
 d - 4 rations


   Skills:
 - Level 4.0 Fighting
 + Level 2.1 Dodging
 - Level 4.0 Stealth
 * Level 2.6 Unarmed Combat


You had one spell level left.
You didn't know any spells.

Dungeon Overview and Level Annotations

Branches:
Dungeon (6/15)
 Temple: D:4-7

Altars:

Shops:
D:5 *

Annotations:
D:5 Eustachio


Innate Abilities, Weirdness & Mutations

You cannot wear armour.
You are incapable of wielding weapons or throwing items.
Your paws allow you to move quietly. (Stealth)
((You have sharp claws.))
((You have razor-sharp teeth.))
You have supernaturally acute eyesight. (SInv)
You are carnivorous and can eat meat at any time.
((You cover ground quickly.))
((You are covered in fur. (AC +1)))
You have a slow metabolism.
((Your sharp claws are effective at attacking unaware monsters.))


Message History

The centaur hits you but does no damage.
The water moccasin bites you but does no damage.
Unknown command.
You smack the two-headed ogre!
The two-headed ogre is heavily wounded.
The centaur hits you but does no damage.
The two-headed ogre hits you but does no damage. x2
The water moccasin barely misses you.
Unknown command.
You smack the two-headed ogre!
The two-headed ogre is severely wounded.
The centaur hits you but does no damage.
The water moccasin bites you but does no damage.
Unknown command.
You hit the two-headed ogre.
The two-headed ogre is severely wounded.
The centaur completely misses you.
The two-headed ogre hits you with a giant club!
Ouch! That really hurt!
You die...

#### .... ... #..
### #..######....
+?.c........[
#..S♣........
#..##O###...
#..##l$##+#####..
#............l...W
...................
#.###.##.###.##.###.
. ## #=# #+# ).#
...#


You could see a two-headed ogre, a water moccasin, a centaur and a leopard
gecko.

Vanquished Creatures
  An orc (D:6)
  A giant cockroach (D:1)
  2 hobgoblins
  A quokka (D:5)
  A ball python (D:6)
  3 bats
  A kobold (D:1)
  2 rats
12 creatures vanquished.

Notes
Turn   | Place    | Note
-------+----------+-------------------------------------------
     0 | D:1      | 4thArraOfDagon the Felid Wanderer began the quest for the Orb.
     0 | D:1      | 4thArraOfDagon set off with: a potion of heal wounds, a scroll of teleportation, a potion of curing, a ration
     0 | D:1      | Reached XP level 1. HP: 11/11 MP: 2/2
   218 | D:3      | Reached XP level 2. HP: 15/15 MP: 3/3
   302 | D:5      | Entered Level 5 of the Dungeon
   361 | D:4      | Got a crude scale mail
   387 | D:5      | Found Ciopeala's Assorted Antiques.
   392 | D:5      | Bought a scroll labeled PAEMNI YROFFO for 25 gold pieces
   398 | D:5      | Noticed Eustachio
   573 | D:6      | You fall through a shaft for 2 floors!
   573 | D:8      | Noticed a phantom
   575 | D:8      | Noticed a centaur
   576 | D:8      | Noticed a two-headed ogre
   577 | D:8      | Noticed a water moccasin
   594 | D:8      | Slain by a two-headed ogre

Vault maps used:
D:1:      wheals_arrival_shading
D:2:      serial_corexii_hall, corexii_hall_statues_u, corexii_hall_statues_l,
          corexii_hall_statues_l, corexii_hall_statues_x,
          corexii_hall_statues_i, corexii_hall_statues_x
D:3:      minmay_rat_hole
D:5:      first_ration, serial_shops, shop_fountains, nicolae_shop_behind_doors,
          shop, shop_fountains, nicolae_shop_temple_entry_statues_fountains,
          eino_curves_01, doesnt_xom_only_xom, uniq_eustachio
D:6:      nicolae_ru_the_path_less_chosen, lemuel_temple_firewalk_b,
          serial_shops, nicolae_shop_stone
D:8:      basic_altar, palyth_stone_intersect, hangedman_little_slice_of_home,
          minmay_evil_grid

Skill      XL: |  1 |
---------------+----+-----
Dodging        | 2 |  2.1
Fighting       | |  4.0
Stealth        | |  4.0
Unarmed Combat | |  2.6

Action                   || total
-------------------------++-------
Melee: Unarmed           ||    43
       Bite              ||     2
  Use: Scroll            ||     4
       Potion            ||     2
 Stab: Sleeping          ||     5
  Eat: Chunk             ||     6
Armor: Skin              ||    24
Dodge: Dodged            ||    29

Table legend:
 A = Spawn XP
 B = Non-spawn XP
 C = Spawn XP percentage of total XP
 D = Spawn monster count
 E = Non-spawn monster count
 F = Spawn count percentage of total count
 G = Total turns spent on level
                    A         B        C        D         E        F      G
               +---------+---------+-------+---------+---------+-------+---------
         Total |       0 |      18 |   0.0 |       0 |      12 |   0.0 |   594
               +---------+---------+-------+---------+---------+-------+---------
           D:1 |       0 |       7 |   0.0 |       0 |       5 |   0.0 |   149
           D:2 |       0 |       2 |   0.0 |       0 |       2 |   0.0 |    30
           D:3 |       0 |       3 |   0.0 |       0 |       2 |   0.0 |    63
           D:5 |       0 |       2 |   0.0 |       0 |       1 |   0.0 |   120
           D:6 |       0 |       4 |   0.0 |       0 |       2 |   0.0 |   124
               +---------+---------+-------+---------+---------+-------+---------
